 Dungeon Crawl Stone Soup version 0.24.0-125-gc4c63601f3 (webtiles) character file.

Game seed: 16829719804466555968, levelgen mode: deterministic

262 GreyFruit the Chopper (level 6, -1/84 HPs)
             Began as a Hill Orc Monk on Feb 18, 2020.
             Was a Believer of Beogh.
             Succumbed to a killer bee's poison
             ... on level 3 of the Dungeon on Feb 25, 2020.
             The game lasted 00:08:35 (3835 turns).

GreyFruit the Chopper (Hill Orc Monk)               Turns: 3835, Time: 00:08:36

Health: -1/84      AC: 23    Str: 16    XL:     6   Next: 18%
Magic:  1/6        EV:  2    Int: 19    God:    Beogh [**....]
Gold:   92         SH:  0    Dex: 13    Spells: 5/5 levels left

rFire    . . .     SeeInvis +   d - +0 battleaxe
rCold    . . .     Gourm    .   (shield currently unavailable)
rNeg     + + +     Faith    .   (armour currently unavailable)
rPois    +         Spirit   +   (helmet currently unavailable)
rElec    .         Reflect  .   (cloak currently unavailable)
rCorr    .         Harm     .   (gloves currently unavailable)
MR       .....     NoTele   +   (boots currently unavailable)
Stlth    ++........             o - amulet of guardian spirit
HPRegen  0.24/turn              s - ring of see invisible
MPRegen  0.10/turn              t - +2 ring of intelligence

@: brilliant, lethally poisoned (-1 -> -23), tree-form
A: clever 1, no potion heal 1
a: Smiting, Renounce Religion


You were on level 3 of the Dungeon.
You worshipped Beogh.
Beogh was pleased with you.
You were hungry.
You were a tree.
You visited 1 branch of the dungeon, and saw 4 of its levels.

You collected 92 gold pieces.

Inventory:

Hand Weapons
 a - a +0 hand axe
 d - a +0 battleaxe (weapon)
Armour
 b - a +0 cloak (melded)
 i - a +0 plate armour (melded)
 q - a +0 pair of boots (melded)
Jewellery
 o - an amulet of guardian spirit (around neck)
 s - a ring of see invisible (left branch)
 t - a +2 ring of intelligence (right branch)
Scrolls
 e - a scroll of enchant armour {unknown}
 g - a scroll of random uselessness
 r - 5 scrolls of remove curse
Comestibles
 c - 5 rations


   Skills:
 + Level 5.1 Fighting
 + Level 6.8 Axes
 + Level 2.2 Armour
 + Level 2.8 Dodging
 - Level 1.7 Stealth


You had 5 spell levels left.
You didn't know any spells.
Your spell library was empty.

Dungeon Overview and Level Annotations

Branches:
Dungeon (4/15)             Temple (0/1) D:4

Altars:


Innate Abilities, Weirdness & Mutations

Your mind is acute. (Int +2)
Potions are less effective at restoring your health.


Message History

It was a potion of brilliance.
You feel clever all of a sudden.
* * * LOW HITPOINT WARNING * * *
You feel sick.
The killer bee stings you but does no damage. x2
You closely miss the killer bee.
* * * LOW HITPOINT WARNING * * *
You feel sick.
The killer bee stings you but does no damage.
The killer bee stings you.
* * * LOW HITPOINT WARNING * * *
You are more poisoned.
The killer bee poisons you!
You aren't carrying any potions.
Okay, then.
As you read the scroll labeled WOESOP BUCVULU, it crumbles to dust.
You assume a fearsome visage.
The killer bee resists with some effort.
The killer bee looks frightened!
It was a scroll of fear.
You die...

#.#........#.#.##########.#####..
#.#..÷.....#.#.#.................
#)#........#.#(#.##.#####.######.
.)#........#.#..÷..#<####.# #.
..##'#######.#..#.###.....# #.
.............##..(.#.###### #.
.#.###..########.##.## #.
...#.............##.# #.
.....#..########♣##.############.
###(..#.########y##..............
##.....>......y##.#############
####.............#
###############


You could see 2 killer bees.

Vanquished Creatures
  A howler monkey (D:3)
  A hound (D:4)
  An iguana (D:4)
  An orc wizard (D:3)
  7 adders
  An ooze (D:2)
  3 dart slugs (D:1)
  2 leopard geckos
  3 orcs (D:3)
  2 ball pythons
  6 giant cockroaches
  5 goblins
  11 hobgoblins
  5 jackals
  A quokka (D:2)
  10 bats
  6 frilled lizards
  2 kobolds (D:1)
  A rat (D:1)
69 creatures vanquished.

Notes
Turn   | Place    | Note
-------+----------+-------------------------------------------
     0 | D:1      | GreyFruit the Hill Orc Monk began the quest for the Orb.
     0 | D:1      | Reached XP level 1. HP: 19/19 MP: 1/1
   123 | D:1      | Reached XP level 2. HP: 18/27 MP: 2/2
   628 | D:1      | Reached XP level 3. HP: 33/33 MP: 3/3
  1244 | D:2      | Reached skill level 5 in Axes
  1427 | D:2      | Reached XP level 4. HP: 38/40 MP: 4/4
  1659 | D:2      | Reached skill level 1 in Armour
  2422 | D:3      | Reached XP level 5. HP: 47/47 MP: 5/5
  2480 | D:3      | Reached skill level 6 in Axes
  2753 | D:3      | Became a worshipper of Beogh the Brigand
  2753 | D:3      | Reached * piety under Beogh
  2753 | D:3      | Reached ** piety under Beogh
  2955 | D:4      | Reached skill level 5 in Fighting
  2994 | D:4      | Reached XP level 6. HP: 56/56 MP: 6/6
  3031 | D:4      | Found a staircase to the Ecumenical Temple.
  3830 | D:3      | Gained mutation: Potions are less effective at restoring
                  | your health. [potion of mutation]
  3830 | D:3      | Gained mutation: Your mind is acute. (Int +2) [potion of
                  | mutation]
  3833 | D:3      | HP: 4/84 [poisoned by a killer bee]
  3834 | D:3      | HP: 1/84 [killer bee (1)]
  3835 | D:3      | Succumbed to a killer bee's poison

Levels and vault maps discovered:
D:1:      tarquinn_simple_flora_water_d, layout_loops_corners
D:2:      layout_rooms, first_ration
D:3:      layout_loops_ring, minmay_misc_feat_iff, kennysheep_nub, minivault_25
D:4:      layout_rooms, minmay_temple_entry_mini_moons, serial_corexii_hall,
          corexii_hall_statues_x, chequers_hall_statues_wall_a,
          corexii_hall_statues_x, corexii_hall_statues_l, serial_park_tiny_1

Skill      XL: |  1  2  3  4  5 |
---------------+----------------+-----
Fighting       | 4 5 |  5.1
Axes           | 5 6 |  6.8
Armour         | 1 2 |  2.2
Dodging        | |  2.8
Stealth        | |  1.7

Action                   |  1- 3 |  4- 6 || total
-------------------------+-------+-------++-------
Melee: Hand axe          |   142 |   128 ||   270
       Battleaxe         |       |    70 ||    70
Invok: Convert to Beogh  |       |     1 ||     1
  Use: Potion            |       |     9 ||     9
       Scroll            |       |     4 ||     4
  Eat: Chunk             |     2 |     7 ||     9
Armor: Robe              |     6 |       ||     6
       Plate armour      |    97 |   207 ||   304
       Skin              |       |     5 ||     5
Dodge: Dodged            |    41 |    71 ||   112
